 Dungeon Crawl Stone Soup version 0.28-a0-691-gad6df49e81 (webtiles) character file.

Game seed: 7715192919173347412

64 marklar909 the Grasshopper (level 3, -1/29 HPs)
             Began as a Palentonga Warper on Oct 21, 2021.
             Killed from afar by a white imp (8 damage)
             ... with a puff of frost
             ... on level 3 of the Dungeon.
             The game lasted 00:03:21 (3233 turns).

marklar909 the Grasshopper (Palentonga Warper)      Turns: 3233, Time: 00:03:22

Health: -1/29      AC:  4    Str: 15    XL:     3   Next: 91%
Magic:  1/6        EV:  9    Int: 13    God:
Gold:   57         SH:  0    Dex:  9    Spells: 1/6 levels left

rFire   . . .      SeeInvis +   a - +0 hand axe
rCold   . . .      Faith    .   (no shield)
rNeg    . . .      Spirit   .   b - +0 leather armour
rPois   .          Reflect  .   (no helmet)
rElec   .          Harm     .   (no cloak)
rCorr   .          Rampage  .   (no gloves)
Will    .....                   (no barding)
Stlth   +.........              (no amulet)
HPRegen 0.09/turn               (no ring)
MPRegen 0.10/turn               (no ring)

@: no status effects
A: large, rugged brown scales 3, see invisible, deformed body, roll 1, armoured
tail
a: Rolling Charge


You were on level 3 of the Dungeon.
You visited 1 branch of the dungeon, and saw 3 of its levels.

You collected 57 gold pieces.

Inventory:

Hand Weapons
 a - a +0 hand axe (weapon)
Missiles
 h - a curare-tipped dart (quivered)
Armour
 b - a +0 leather armour (worn)
Jewellery
 g - an amulet of regeneration
Scrolls
 c - 2 scrolls of blinking
 d - a scroll of identify {unknown}
 e - a scroll of brand weapon {unknown}
Potions
 f - a potion of cancellation {unknown}
 i - a potion of resistance {unknown}


   Skills:
 + Level 2.4 Fighting
 + Level 2.6 Axes
 + Level 0.8 Throwing
 + Level 1.4 Armour
 + Level 1.8 Dodging
 + Level 2.1 Spellcasting
 + Level 3.5 Translocations


You had one spell level left.
You knew the following spells:

 Your Spells              Type           Power      Damage    Failure   Level
a - Blink                 Tloc           N/A        N/A       11%         2
b - Teleport Other        Tloc           10%        N/A       22%         3

Your spell library contained the following spells:

 Spells                   Type           Power      Damage    Failure   Level
 Gell's Gravitas          Tloc           5%         N/A       22%         3
 Lesser Beckoning         Tloc           10%        N/A       22%         3
 Manifold Assault         Tloc           10%        N/A       90%         5


Dungeon Overview and Level Annotations

Branches:
Dungeon (3/15)

Altars:


Innate Abilities, Weirdness & Mutations

You are completely covered in rugged brown scales. (AC +3, +7% HP)
You have supernaturally acute eyesight. (SInv)
Armour fits poorly on your strangely shaped body.
You can roll at nearby foes to attack.
You have a long armoured tail.


Message History

The rat is moderately wounded.
The rat barely misses you.
You hit the rat.
You kill the rat!
You hit the white imp.
The white imp is lightly wounded.
The white imp barely misses you.
You hit the white imp.
The white imp is moderately wounded.
The white imp gestures at you. The puff of frost hits you!
The white imp completely misses you.
You barely miss the white imp.
The white imp is moderately wounded.
The white imp gestures at you. The puff of frost hits you!
You are too injured to fight recklessly!
You aren't carrying any items that you can evoke.
Casting: Blink (safe; 11% risk of failure)
Confirm with . or Enter, or press ? or * to list all spells.
Okay, then.
Casting: Blink (safe; 11% risk of failure)
Confirm with . or Enter, or press ? or * to list all spells.
The spell is quite dangerous to cast (22% risk of failure)!
Continue anyway?
Okay, then.
Unknown command.
Casting: Teleport Other (quite dangerous; 22% risk of failure)
Confirm with . or Enter, or press ? or * to list all spells.
You blink.
Casting: Blink (safe; 11% risk of failure)
Confirm with . or Enter, or press ? or * to list all spells.
You blink.
The white imp gestures at you. The puff of frost hits you!
* * * LOW HITPOINT WARNING * * *
Casting: Blink (safe; 11% risk of failure)
Confirm with . or Enter, or press ? or * to list all spells.
You blink.
The white imp gestures at you. The puff of frost hits you!
You die...

#####
####...#
###.<....#
#.).##...#
####.#####.##
#.)..# #.#
#...#### #.#
#...## #.#
...# #@# ##
#.# #ยง# #.#
#.# #.# #5#
#)# #.#


You could see a white imp.

Vanquished Creatures
  5 worms (D:2)
  2 dart slugs (D:1)
  3 orcs (D:3)
  4 endoplasms
  A giant cockroach (D:1)
  3 goblins (D:2)
  3 hobgoblins
  4 jackals (D:1)
  2 kobolds
  A quokka (D:2)
  4 ball pythons
  A bat (D:2)
  2 frilled lizards (D:1)
  6 rats
41 creatures vanquished.

Notes
Turn   | Place    | Note
-------+----------+-------------------------------------------
     0 | D:1      | marklar909 the Palentonga Warper began the quest for the
                  | Orb.
     0 | D:1      | Reached XP level 1. HP: 17/17 MP: 3/3
   173 | D:1      | Reached XP level 2. HP: 14/23 MP: 5/5
   309 | D:1      | Learned a level 2 spell: Blink
  1090 | D:2      | Reached XP level 3. HP: 17/28 MP: 6/6
  1149 | D:2      | Reached skill level 1 in Armour
  1496 | D:2      | Noticed a phantom
  2845 | D:2      | Learned a level 3 spell: Teleport Other
  3233 | D:3      | Killed from afar by a white imp

Illustrated notes

Levels and vault maps discovered:
D:1:      tarquinn_simple_flora_water_d, layout_basic
D:2:      layout_basic, grunt_decor_resistance
D:3:      layout_rooms

Skill      XL: |  1  2  3 |
---------------+----------+-----
Armour         | 1 |  1.4
Fighting       | |  2.4
Axes           | |  2.6
Throwing       | |  0.8
Dodging        | |  1.8
Spellcasting   | |  2.1
Translocations | |  3.5

Action                   || total
-------------------------++-------
Melee: Hand axe          ||   146
       Tailslap          ||    15
Throw: Boomerang         ||     5
       Dart              ||     3
 Cast: Blink             ||     4
 Abil: Rolling Charge    ||     2
Armor: Leather armour    ||    41
Dodge: Dodged            ||    64

Table legend: (Time is in decaauts)
 A = Elapsed time spent in this place.
 B = Non-inter-level travel time spent in this place.
 C = Inter-level travel time spent in this place.
 D = Time resting spent in this place.
 E = Time spent auto-exploring this place.
 F = Levels seen in this place.
 G = Mean time per level.
                   A        B        C        D        E       F      G
               +--------+--------+--------+--------+--------+-----+--------+
         Total |   3261 |   3188 |     73 |    749 |   1981 |   3 | 1087.0 |
       Dungeon |   3261 |   3188 |     73 |    749 |   1981 |   3 | 1087.0 |
               +--------+--------+--------+--------+--------+-----+--------+

Top non-repeatable levels by time:
     D:2: 2105 daAuts
     D:1: 916 daAuts
     D:3: 239 daAuts
